 Dungeon Crawl Stone Soup version 0.23-a0-315-ga85b81c (webtiles) character file.

5695 Amnesiac the Geomancer (level 10, 0/75 HPs)
             Began as a Deep Dwarf Earth Elementalist on Oct 14, 2018.
             Was a Priest of Vehumet.
             Killed by blast of rock fragments (18 damage)
             ... on level 8 of the Dungeon.
             The game lasted 00:32:13 (9122 turns).

Amnesiac the Geomancer (DDEE)                       Turns: 9122, Time: 00:32:14

Health: 0/75       AC:  8    Str: 13      XL:     10   Next: 47%
Magic:  15/20      EV: 12    Int: 17 (18) God:    Vehumet [***...]
Gold:   301        SH:  0    Dex: 12 (13) Spells: 8/23 levels left

rFire    . . .     SeeInvis .   a - +1 dagger
rCold    . . .     Gourm    .   (no shield)
rNeg     . . .     Faith    .   I - +2 robe {Archmagi}
rPois    .         Spirit   .   k - +1 helmet
rElec    .         Reflect  .   v - +0 cloak
rCorr    .         Harm     .   (no gloves)
MR       ++...                  E - +0 pair of boots
Stlth    +++.......             (no amulet)
HPRegen  0.00/turn              L - ring of flight
MPRegen  0.17/turn              h - ring of protection from magic

@: non-regenerating
A: damage resistance, heal wounds, sense surroundings 2, no regeneration
a: Heal Wounds, Renounce Religion, Evoke Flight


You were on level 8 of the Dungeon.
You worshipped Vehumet.
Vehumet was most pleased with you.
You were not hungry.

You visited 2 branches of the dungeon, and saw 10 of its levels.
You also visited: Sewer.

You collected 619 gold pieces.
You spent 318 gold pieces at shops.

Inventory:

Hand Weapons
 a - a +1 dagger (weapon)
 b - a +0 blowgun
Missiles
 p - 50 poisoned needles
 q - 40 stones (quivered)
Armour
 k - a +1 helmet (worn)
 n - a +0 shield
 v - a +0 cloak (worn)
 E - a +0 pair of boots (worn)
 I - a +2 robe of the Archmagi (worn)
Jewellery
 c - an uncursed ring of see invisible
 h - a ring of protection from magic (right hand)
 j - a +2 ring of protection
 K - an uncursed ring of protection from cold
 L - a ring of flight (left hand)
Wands
 e - a wand of digging (43)
 t - a wand of paralysis (19)
 u - a wand of disintegration (16)
 y - a wand of random effects (19)
 A - a wand of flame (17)
 G - a wand of polymorph (10)
 H - a wand of acid (7)
Scrolls
 f - 4 scrolls of enchant weapon {!r}
 i - 2 scrolls of amnesia {!r}
 l - 3 scrolls of magic mapping {!r}
 o - 7 scrolls of teleportation {!r}
 s - a scroll of fog {!r}
 x - a scroll of enchant armour {!r}
 B - a scroll of torment {!r}
 C - a scroll of brand weapon {!r}
 F - 4 scrolls of remove curse {!r}
Potions
 m - 2 potions of might {!q}
 r - 4 potions of flight {!q}
 w - a potion of brilliance {!q}
Comestibles
 d - 17 rations


   Skills:
 - Level 4.0 Short Blades
 - Level 2.4 Dodging
 + Level 7.3 Stealth
 + Level 7.1 Spellcasting
 - Level 0.8 Transmutations
 * Level 14.3 Earth Magic
 + Level 3.1 Evocations


You had 8 spell levels left.
You knew the following spells:

 Your Spells              Type           Power        Failure   Level  Hunger
a - Sandblast             Erth           ######       1%          1    None
b - Passwall              Tmut/Erth      #####...     1%          2    None
c - Mephitic Cloud        Conj/Pois/Air  #.......     10%         3    ##.....
d - Lee's Rapid Deconstr  Erth           ######....   1%          5    #####..
e - Petrify               Tmut/Erth      #####...     4%          4    ####...

Your spell library contained the following spells:

 Spells                   Type           Power        Failure   Level  Hunger
 Stone Arrow              Conj/Erth      #####.       1%          3    ##.....
 Freeze                   Ice            #...         3%          1    None
 Throw Frost              Conj/Ice       #.....       4%          2    None
 Throw Icicle             Conj/Ice       #.......     28%         4    ####...
 Ozocubu's Armour         Chrm/Ice       #.......     34%         3    ##.....
 Summon Ice Beast         Ice/Summ       #.......     75%         4    ####...


Dungeon Overview and Level Annotations

Branches:
Dungeon (9/15)             Temple (1/1) D:4
   Lair: D:8-11         Orc: D:9-12

Altars:
Ashenzari
Dithmenos
Elyvilon
Fedhas
Gozag
Hepliaklqana
Kikubaaqudgha
Makhleb
Okawaru
Qazlal
Trog
Uskayaw
Vehumet
Wu Jian
Yredelemnul
Zin
Lugonu

Shops:
D:7 *   D:8 (


Innate Abilities, Weirdness & Mutations

You are resistant to damage.
You can heal yourself by infusing magical energy.
You passively map the area around you.
You do not regenerate.


Message History

You see here a chain mail.
Done exploring.
Done exploring.
Done exploring.
There is a stone staircase leading down here.
You climb downwards. 3 wolves and Grum come into view.
Found a stone staircase leading up.
There is a stone staircase leading up here.
The helpless Grum fails to defend himself.
You impale Grum!!
Grum is almost dead.
The wolf howls! x2
The wolf closely misses you. The wolf misses you. The wolf barely misses you.
Grum hits you with an enchanted spear!
* * * LOW HITPOINT WARNING * * *
The wolf closely misses you. The wolf bites you but does no damage.
The wolf barely misses you.
You climb upwards.
There is a stone staircase leading down here.
Okay, then.
You feel much better. Grum closely misses you. The wolf bites you!
* * * LOW HITPOINT WARNING * * *
The wolf bites you but does no damage.
Casting: Sandblast (safe; 1% risk of failure)
Confirm with . or Enter, or press ? or * to list all spells.
Aiming: Sandblast (safe; 1% risk of failure)
Press: ? - help, Shift-Dir - straight line, f - Grum
Aim: Grum, wielding an enchanted spear and wearing an animal skin (severely You feel a surge of power!
The blast of sand hits Grum.
You kill Grum!
Vehumet accepts your kill.
You feel your power returning.
You feel your intelligence returning.
q - 40 stones The wolf bites you but does no damage.
The wolf misses you. The wolf barely misses you. The wolf misses you.
The wolf bites you but does no damage. The wolf bites you!
* * * LOW HITPOINT WARNING * * *
The wolf barely misses you.
Items here: ! ) [ † an enchanted spear; an animal skin; a potion of cancellation {!q} the gnoll corpse of Grum The wolf closely misses you.
The wolf barely misses you. The wolf bites you but does no damage.
The wolf misses you. The wolf closely misses you.
Casting: Sandblast (safe; 1% risk of failure)
Confirm with . or Enter, or press ? or * to list all spells.
You don't know that spell.
Unknown command.
The wolf bites you!
* * * LOW HITPOINT WARNING * * *
Casting: Sandblast (safe; 1% risk of failure)
Confirm with . or Enter, or press ? or * to list all spells.
Aiming: Lee's Rapid Deconstruction (safe; 1% risk of failure)
Press: ? - help, Dir - move target cursor A rock wall.
You feel a surge of power! That beam is likely to hit you.
Continue anyway?
The wall shatters!
The blast of rock fragments hits you!
You die...

...................#...........#.
.#########.#####..##...........#.
......)...........##...........#.
...#####..........###..<.......##
.................####............
.................................
.....#..........)h.#.............
........#.......h#..........#....
.......>........@##.....#...#####
..........<....>)##.....#>..# #
.......##...................#####
####.............................
.................[...........####
######.##................#...#
.......##...........#.##.#...##
####..###.....#..##...........#
....#.###.........#).[.....#..#


You could see 2 wolves.

Vanquished Creatures
  Harold (D:7)
  Pikel (D:4)
  A hornet (D:8)
  A hippogriff (D:8)
  Sigmund (D:5)
  A spriggan (D:7)
  4 humans
  Grum (D:8)
  Edmund (D:5)
  A water moccasin (D:7)
  4 slaves
  3 sky beasts
  A phantom (D:8)
  2 ice beasts (D:7)
  3 ogres
  A centaur (D:8)
  A big kobold (Sewer)
  4 bullfrogs
  A water moccasin skeleton (D:7)
  A scorpion (D:8)
  5 wights (D:8)
  A howler monkey (D:4)
  4 crimson imps
  4 hounds
  A jelly (D:5)
  6 orc priests
  A bullfrog skeleton (D:4)
  A centaur skeleton (D:8)
  2 iguanas (D:7)
  12 orc wizards
  6 worker ants
  2 worker ant zombies (D:5)
  2 howler monkey skeletons
  14 adders
  5 river rats
  3 shadow imps
  2 oozes
  2 worms (D:4)
  2 dart slugs (D:1)
  2 leopard geckos
  29 orcs
  7 giant cockroaches
  7 goblins
  9 hobgoblins
  7 jackals
  2 quokkas
  6 ball pythons
  8 bats
  3 frilled lizards
  16 kobolds
  A quokka skeleton (D:7)
  A quokka zombie (D:5)
  12 rats
219 creatures vanquished.

Notes
Turn   | Place    | Note
-------+----------+-------------------------------------------
     0 | D:1      | Amnesiac the Deep Dwarf Earth Elementalist began the quest
                  | for the Orb.
     0 | D:1      | Reached XP level 1. HP: 15/15 MP: 3/3
   223 | D:1      | Reached XP level 2. HP: 17/22 MP: 4/4
   777 | D:2      | Reached XP level 3. HP: 5/28 MP: 6/6
   945 | D:2      | Learned a level 2 spell: Passwall
  1105 | D:2      | Reached skill level 1 in Short Blades
  1133 | D:3      | Reached skill level 5 in Earth Magic
  1166 | D:2      | Reached XP level 4. HP: 31/36 MP: 0/7
  1243 | D:3      | Reached skill level 6 in Earth Magic
  1258 | D:2      | Reached XP level 5. HP: 13/42 MP: 0/9
  1264 | D:2      | Learned a level 4 spell: Petrify
  1541 | D:3      | Found a glowing drain.
  1578 | Sewer    | Entered a sewer
  1852 | Sewer    | Reached skill level 7 in Earth Magic
  1882 | Sewer    | Reached XP level 6. HP: 39/49 MP: 5/10
  2218 | D:4      | Reached skill level 8 in Earth Magic
  2343 | D:4      | Learned a level 5 spell: Lee's Rapid Deconstruction
  2361 | D:4      | Reached XP level 7. HP: 53/55 MP: 4/12
  2576 | D:4      | Found a staircase to the Ecumenical Temple.
  2585 | Temple   | Entered the Ecumenical Temple
  2627 | Temple   | Became a worshipper of Vehumet
  3033 | D:2      | You fall through a shaft for 2 floors!
  3365 | D:2      | Found a hide-covered altar of Uskayaw.
  3718 | D:3      | Reached * piety under Vehumet
  3718 | D:3      | Offered knowledge of Magic Dart by Vehumet.
  3794 | D:3      | Found a glowing silver altar of Zin.
  3795 | D:3      | Found a burning altar of Makhleb.
  3796 | D:3      | Noticed an angel
  3798 | D:3      | Noticed a green death
  4027 | D:4      | Reached skill level 9 in Earth Magic
  4608 | D:5      | Entered Level 5 of the Dungeon
  5070 | D:5      | Noticed Pikel
  5102 | D:4      | Killed Pikel
  5102 | D:4      | Reached skill level 10 in Earth Magic
  5102 | D:4      | Reached XP level 8. HP: 28/62 MP: 4/15
  5137 | D:5      | Noticed Sigmund
  5228 | D:5      | Killed Sigmund
  5228 | D:5      | Reached skill level 5 in Spellcasting
  5722 | D:5      | Noticed Edmund
  5734 | D:5      | Killed Edmund
  5734 | D:5      | Reached skill level 11 in Earth Magic
  5840 | D:5      | Found a stormy altar of Qazlal.
  5852 | D:5      | Found an opulent altar of Gozag.
  5999 | D:5      | Found a white marble altar of Elyvilon.
  6007 | D:5      | Found a shattered altar of Ashenzari.
  6459 | D:6      | Offered knowledge of Shock by Vehumet.
  6500 | D:6      | Gained mutation: You passively map the area around you.
                  | [Deep Dwarf growth]
  6500 | D:6      | Reached XP level 9. HP: 36/68 MP: 7/17
  6718 | D:6      | Reached skill level 12 in Earth Magic
  6827 | D:6      | Reached ** piety under Vehumet
  7319 | D:7      | Reached skill level 5 in Stealth
  7374 | D:7      | Noticed Harold
  7399 | D:7      | Killed Harold
  7399 | D:7      | Reached skill level 13 in Earth Magic
  7491 | D:7      | Found Sufav's Assorted Antiques.
  7504 | D:7      | Bought a sapphire potion for 18 gold pieces
  7504 | D:7      | Bought a scroll labeled ETIENUYLIH for 20 gold pieces
  7504 | D:7      | Bought a scroll of identify for 40 gold pieces
  7504 | D:7      | Bought a moonstone ring for 100 gold pieces
  7504 | D:7      | Bought a knobbly wooden ring for 100 gold pieces
  7510 | D:7      | Bought a wand of paralysis (9) for 40 gold pieces
  7627 | D:7      | Reached XP level 10. HP: 40/75 MP: 20/20
  7814 | D:8      | Reached skill level 1 in Evocations
  7964 | D:8      | Found Sekhlyh's Weapon Shop.
  8036 | D:8      | Offered knowledge of Mephitic Cloud by Vehumet.
  8173 | D:8      | Reached skill level 14 in Earth Magic
  8472 | D:8      | Reached *** piety under Vehumet
  8596 | D:8      | Learned a level 3 spell: Mephitic Cloud
  9107 | D:9      | Noticed Grum
  9112 | D:8      | Killed Grum
  9122 | D:8      | Killed by blast of rock fragments

Vault maps used:
D:1:      lightli_arrival_boilingwater
D:2:      lemuel_round_altar, serial_rivers, chequers_serial_rivers_large_b,
          chequers_serial_rivers_micro_b, chequers_serial_rivers_small_b,
          chequers_serial_rivers_micro_a, chequers_serial_rivers_small_b,
          chequers_serial_rivers_small_3, minmay_misc_feat_tiny
D:3:      grunt_temple_overflow_order_and_chaos_2, portal_sewer_entry_a,
          grunt_decor_mini_mirrors
D:4:      minmay_temple_entry_statues_pillars,
          eino_small_chamber_without_monster
D:5:      grunt_temple_overflow_cloverleaf, first_ration, uniq_pikel,
          uniq_edmund, uniq_sigmund
D:6:      minmay_ruffians
D:7:      serial_shops, shop_coins, minmay_misc_feat_enclosed, the_bakery,
          uniq_harold
D:8:      serial_shops, shop, serial_co_window_serial, co_window_paths_a,
          co_window_corner_a, co_window_cross_1, co_window_paths_a,
          co_window_of_opportunity_a, co_window_paths_a, co_window_paths_a,
          co_window_corner_b, co_window_broadway_a, co_window_2corner,
          co_window_of_opportunity_c, glass_columns_a, glass_columns_c,
          glass_columns_c, glass_columns_c, glass_columns_a, serial_bayou_pond_e
D:9:      grunt_temple_overflow_open, kennysheep_mini, uniq_grum
Temple:   corrupted_temple
Sewer:    sewer_co_15_rooms

Skill      XL: |  1  2  3  4  5  6  7  8  9 10 |
---------------+-------------------------------+-----
Spellcasting   | 2 3 4 5 6 7 |  7.1
Stealth        | 3 4 6 7 |  7.3
Short Blades   | 1 3 4 |  4.0
Earth Magic    | 5 6 7 8 10 11 13 14 | 14.3
Evocations     | 3 |  3.1
Dodging        | |  2.4
Transmutations | |  0.8

Action                   |  1- 3 |  4- 6 |  7- 9 | 10-12 || total
-------------------------+-------+-------+-------+-------++-------
Melee: Unarmed           |    24 |       |       |       ||    24
       Dagger            |   122 |    93 |   164 |    60 ||   439
 Cast: Sandblast         |    22 |    69 |    83 |    24 ||   198
       Passwall          |     3 |       |    12 |     5 ||    20
       Petrify           |       |       |    51 |    25 ||    76
       Lee's Rapid Decon |       |       |     5 |       ||     5
 Abil: Heal Wounds       |     2 |     1 |       |     1 ||     4
  Use: Potion            |     3 |     3 |     9 |     3 ||    18
       Scroll            |       |     7 |     9 |     2 ||    18
 Stab: Sleeping          |     6 |       |    12 |     6 ||    24
       Petrified         |       |       |    74 |    24 ||    98
       Petrifying        |       |       |     9 |     4 ||    13
  Eat: Chunk             |     2 |     4 |    25 |     9 ||    40
       Ration            |       |       |     1 |       ||     1
Armor: Robe              |    54 |     1 |    20 |    19 ||    94
       Skin              |     2 |       |       |       ||     2
       Ring mail         |       |    36 |    34 |       ||    70
Dodge: Dodged            |   124 |    83 |    84 |    35 ||   326

Table legend:
 A = Non-vault XP
 B = Vault XP
 C = Vault XP percentage of total XP
 D = Non-vault monster count
 E = Vault monster count
 F = Vault count percentage of total count
                 A         B        C        D         E       F
            +---------+---------+-------+---------+---------+-------
      Total |    4705 |    3431 |  42.2 |     179 |      36 |  16.7
            +---------+---------+-------+---------+---------+-------
        D:1 |      35 |       0 |   0.0 |      21 |       0 |   0.0
        D:2 |     115 |      13 |  10.2 |      23 |       1 |   4.2
        D:3 |     169 |       9 |   5.1 |      31 |       5 |  13.9
        D:4 |     652 |     629 |  49.1 |      26 |       1 |   3.7
        D:5 |     307 |     759 |  71.2 |      20 |       4 |  16.7
        D:6 |     434 |     399 |  47.9 |      15 |       2 |  11.8
        D:7 |    1042 |    1217 |  53.9 |      16 |       2 |  11.1
        D:8 |    1951 |     193 |   9.0 |      27 |       1 |   3.6
      Sewer |       0 |     212 | 100.0 |       0 |      20 | 100.0
            +---------+---------+-------+---------+---------+-------
